 Dungeon Crawl Stone Soup version 0.18.1-50-g88ac8fd (webtiles) character file.

142 lorenzova the Charmwright (level 5, -4/41 HPs)
             Began as a Merfolk Skald on Oct 17, 2016.
             Killed by divine providence
             ... invoked by an orc priest
              (12 damage)
             ... on level 3 of the Dungeon.
             The game lasted 00:06:59 (3227 turns).

lorenzova the Charmwright (Merfolk Skald)           Turns: 3227, Time: 00:07:00

Health: -4/41      AC:  6    Str: 14    XL:     5   Next: 24%
Magic:  8/9        EV:  9    Int: 11    God:
Gold:   121        SH:  9    Dex: 13    Spells: 3 memorised, 4 levels left

rFire  . . .     SeeInvis .     a - +0 spear
rCold  . . .     Gourm    .     b - +0 leather armour
rNeg   . . .     Faith    .     y - +2 shield
rPois  .         Spirit   .     g - +0 helmet
rElec  .         Dismiss  .     (no cloak)
rCorr  .         Reflect  .     n - +0 pair of gloves
SustAt .         Harm     .     f - +0 pair of boots
MR     .....                    (no amulet)
Stlth  ++........               w - ring of stealth
                                t - ring of flight

@: not resistant to hostile enchantments, unstealthy
A: change form in water, swift swim
a: Evoke Flight


You were on level 3 of the Dungeon.
You were hungry.

You visited 1 branch of the dungeon, and saw 3 of its levels.

You collected 121 gold pieces.

Inventory:

Hand Weapons
 a - a +0 spear (weapon)
Armour
 b - a +0 leather armour (worn)
 f - a +0 pair of boots (worn)
 g - a +0 helmet (worn)
 n - a +0 pair of gloves (worn)
 y - a +2 shield (worn)
Jewellery
 t - a ring of flight (left hand)
 w - a ring of stealth (right hand)
Wands
 m - a wand of polymorph (9/24)
Scrolls
 h - a scroll of remove curse
 i - a scroll of amnesia {unknown}
 o - a scroll of teleportation {unknown}
 q - a scroll of identify {unknown}
 r - a scroll of recharging {unknown}
 u - a scroll of fear {unknown}
Potions
 e - 2 potions of cancellation {unknown}
 j - a potion of might {unknown}
 k - a potion of heal wounds {unknown}
 l - 2 potions of curing {unknown}
 p - a potion of degeneration {unknown}
 v - a potion of haste {unknown}
 x - a potion of flight {unknown}
 z - a potion of brilliance {unknown}
Books
 c - a book of Battle

   Spells                             Type                      Level
   a - Infusion                       Charms                       1
   b - Shroud of Golubria             Charms/Translocation         2
   c - Song of Slaying                Charms                       2
   d - Spectral Weapon                Hexes/Charms                 3
   e - Regeneration                   Charms/Necromancy            3
Comestibles
 d - 3 bread rations
 s - a royal jelly


   Skills:
 + Level 3.1 Fighting
 - Level 3.0 Polearms
 - Level 0.6 Armour
 + Level 2.8 Dodging
 * Level 2.9 Spellcasting
 * Level 4.7 Charms


You had 4 spell levels left.
You knew the following spells:

 Your Spells              Type           Power        Failure   Level  Hunger
a - Infusion              Chrm           ##..         34%         1    #......
b - Song of Slaying       Chrm           ##......     52%         2    ###....
c - Shroud of Golubria    Chrm/Tloc      #.........   96%         2    ###....


Dungeon Overview and Level Annotations

Branches:
Dungeon (3/15)

Altars:
Okawaru
Pakellas
Xom


Message History

The orc priest mumbles some strange prayers to Beogh against you.
Beogh smites you!
You bump into the rock wall.
You hear some strange, mumbled words.
Something tries to affect you, but you resist.
The orc priest looks braver for a moment.
You're too confused to move!
You hear some strange, mumbled words.
A puff of flame appears from out of thin air!
The puff of flame hits you!
* * * LOW HITPOINT WARNING * * *
You hit something.
You feel less confused. You block something's attack.
You miss something.
You hear some strange, mumbled words.
Something tries to affect you, but you resist.
The orc priest mumbles some strange prayers to Beogh against you.
Beogh smites you!
You die...

#.# ##.# #.#
#.# #[# #.#
#.# #.# #.#
#.# ..# #.#
### #.#
###########.#
#.oo{@......#
#.###########
#.# #.# #)#
#.# #..o.oo..
#########


You could see an orc priest and an orc.

Vanquished Creatures
  Ijyb (D:3)
  Robin (D:3)
  3 adders
  An ooze (D:3)
  2 worms (D:3)
  A dart slug (D:3)
  3 giant geckos
  2 orcs (D:3)
  4 bats
  4 giant cockroaches
  6 hobgoblins
  2 jackals (D:3)
  9 kobolds
  A quokka (D:3)
  2 ball pythons
  4 giant newts
  10 goblins
  6 rats
62 creatures vanquished.

Vanquished Creatures (others)
  A jelly (D:2)
1 creature vanquished.

Grand Total: 63 creatures vanquished

Notes
Turn   | Place    | Note
--------------------------------------------------------------
     0 | D:1      | lorenzova the Merfolk Skald began the quest for the Orb.
     0 | D:1      | Reached XP level 1. HP: 16/16 MP: 3/3
   221 | D:1      | Reached XP level 2. HP: 16/23 MP: 5/5
   341 | D:1      | Learned a level 2 spell: Song of Slaying
   344 | D:1      | Learned a level 2 spell: Shroud of Golubria
   943 | D:2      | Reached XP level 3. HP: 23/28 MP: 2/6
  1208 | D:2      | Found an oddly glowing altar of Pakellas.
  1208 | D:2      | Noticed an orange crystal statue
  1408 | D:2      | Found a faded altar to an unknown god.
  1541 | D:3      | Reached skill level 4 in Charms
  2152 | D:3      | Reached XP level 4. HP: 30/34 MP: 7/7
  2171 | D:3      | Noticed Robin
  2185 | D:3      | Killed Robin
  2281 | D:3      | Found an iron altar of Okawaru.
  2421 | D:3      | Found a shimmering altar of Xom.
  2630 | D:3      | Noticed Ijyb
  2641 | D:3      | Killed Ijyb
  2641 | D:3      | Reached XP level 5. HP: 38/41 MP: 1/9
  3227 | D:3      | Killed from afar by an orc priest

Skill      XL: |  1  2  3  4 |
---------------+-------------+-----
Dodging        | 2 |  2.8
Charms         | 4 |  4.7
Fighting       | 3 |  3.1
Polearms       | |  3.0
Armour         | |  0.6
Spellcasting   | |  2.9

Action                   |  1- 3 |  4- 6 || total
-------------------------+-------+-------++-------
Melee: Spear             |   153 |   109 ||   262
 Cast: Infusion          |     2 |     5 ||     7
       Song of Slaying   |       |     3 ||     3
  Use: Scroll            |     1 |       ||     1
 Stab: Sleeping          |     2 |     4 ||     6
  Eat: Chunk             |     3 |     4 ||     7
Armor: Leather armour    |    34 |    33 ||    67
Dodge: Dodged            |    69 |    47 ||   116
Block: Shield            |       |     3 ||     3
